 Dungeon Crawl Stone Soup version 0.28-a0-1567-g1695149f81 (webtiles) character file.

Game seed: 3630151331583323747

225 hashsling the Insei (level 5, 0/45 HPs)
             Began as a Draconian Transmuter on Jan 19, 2022.
             Succumbed to a kobold's poison
             ... on level 4 of the Dungeon.
             The game lasted 00:13:17 (3189 turns).

hashsling the Insei (Draconian Transmuter)          Turns: 3189, Time: 00:13:18

Health: 0/45       AC:  7    Str: 13    XL:     5   Next: 68%
Magic:  5/8        EV: 12    Int: 13    God:
Gold:   164        SH:  0    Dex: 13    Spells: 2/8 levels left

rFire   . . .      SeeInvis .     - Unarmed
rCold   . . .      Faith    .   (no shield)
rNeg    . . .      Spirit   .   (armour unavailable)
rPois   .          Reflect  .   (helmet restricted)
rElec   .          Harm     .   n - +0 cloak
rCorr   .          Rampage  .   i - +0 pair of gloves
Will    .....                   (no boots)
Stlth   +.........              (no amulet)
HPRegen 0.15/turn               (no ring)
MPRegen 0.11/turn               (no ring)

@: lethally poisoned (0 -> -4)
A: AC +5, unfitting armour, cold-blooded
a: no special abilities


You were on level 4 of the Dungeon.
You visited 1 branch of the dungeon, and saw 4 of its levels.

You collected 164 gold pieces.

Inventory:

Missiles
 g - 54 arrows
Armour
 i - a +0 pair of gloves (worn)
 n - a +0 cloak (worn)
Scrolls
 a - a scroll of amnesia {unknown}
 d - 3 scrolls of fear {unknown}
 e - a scroll of summoning {unknown}
 k - a scroll of blinking {unknown}
 l - 2 scrolls of identify {unknown}
 o - 2 scrolls of teleportation {unknown}
Potions
 b - a potion of invisibility {unknown}
 c - a potion of cancellation {unknown}
 f - 4 potions of mutation {unknown}
 h - 3 potions of curing {unknown}
 j - 2 potions of brilliance {unknown}
 m - 2 potions of attraction {unknown}


   Skills:
 * Level 3.1 Fighting
 * Level 3.0 Dodging
 * Level 4.1 Unarmed Combat
 - Level 2.0 Spellcasting
 * Level 3.4 Transmutations
 + Level 0.5 Poison Magic


You had 2 spell levels left.
You knew the following spells:

 Your Spells              Type           Power      Damage    Failure   Level
a - Beastly Appendage     Tmut           20%        N/A       6%          1
b - Wereblood             Tmut           10%        N/A       10%         2
c - Spider Form           Tmut/Pois      6%         N/A       32%         3

Your spell library contained the following spells:

 Spells                   Type           Power      Damage    Failure   Level
 Sublimation of Blood     Necr           1%         N/A       36%         2
 Ice Form                 Ice/Tmut       5%         N/A       77%         4
 Petrify                  Tmut/Erth      5%         N/A       77%         4
 Irradiate                Conj/Tmut      2%         3d14      98%         5


Dungeon Overview and Level Annotations

Branches:
Dungeon (4/15)
 Temple: D:4-7

Altars:


Innate Abilities, Weirdness & Mutations

Your plain brown scales are hard. (AC +5)
You cannot fit into any form of body armour.
You are cold-blooded and may be slowed by cold attacks.


Message History

Your +0 cloak unmelds from your body.
Your +0 pair of gloves unmelds from your body.
You are too injured to fight recklessly!
Casting: Beastly Appendage (safe; 6% risk of failure)
Press: ? - help, Q - select action, (/) - cycle Dir - look around, f - activate You grow a pair of large bovine horns.
Your feet morph into talons.
The kobold throws a poisoned dart.
The poisoned dart hits you.
You are poisoned.
The phantom hits you but does no damage.
You feel sick.
The phantom hits you but does no damage.
You feel sick.
Really walk into that teleport trap?
You enter a teleport trap!
The teleport trap disappears.
Your surroundings seem slightly different.
You feel sick.
The kobold throws a poisoned dart.
The poisoned dart hits you!
You are more poisoned.
You feel sick.
The kobold throws a poisoned dart.
The poisoned dart closely misses you.
You feel sick.
You feel sick.
You feel sick.
Your transformation is almost over.
You feel sick.
You see here 8 gold pieces.
You feel sick.
Your magical contamination has completely faded away.
You feel sick.
You feel sick.
You are no longer poisoned.
Your horns disappear.
Your talons disappear.
Found a lumpy red potion.
The kobold throws a poisoned dart.
The poisoned dart hits you!
You are lethally poisoned!
* * * LOW HITPOINT WARNING * * *
You feel sick.
* * * LOW HITPOINT WARNING * * *
You feel sick.
Found 8 gold pieces.
You die...

...........(.....##...
##............. .. ...
≈###.........## ...
≈♣≈P##..)......### ....
P≈≈♣.............##$...#
......#..###......#....
......#...##.......!..
.≈................###...
≈♣.#.#...[....W.@.......
P.####.......<#....##...
.##...........#........
.†#..#........#....##...
.....###..K..##.#.... ..
....####.............. .
......##.##............
..........#............
......##.##.......


You could see a phantom.

Vanquished Creatures
  A scorpion (D:4)
  Crazy Yiuf (D:2)
  An orc wizard (D:4)
  3 adders
  An adder skeleton (D:4)
  2 worms (D:2)
  2 dart slugs
  14 orcs
  6 ball pythons
  4 endoplasms
  4 giant cockroaches
  7 goblins
  4 hobgoblins
  3 quokkas
  3 bats
  2 frilled lizards
  6 kobolds
  2 rats
66 creatures vanquished.

Notes
Turn   | Place    | Note
-------+----------+-------------------------------------------
     0 | D:1      | hashsling the Draconian Transmuter began the quest for the
                  | Orb.
     0 | D:1      | Reached XP level 1. HP: 16/16 MP: 3/3
   445 | D:1      | Reached XP level 2. HP: 23/23 MP: 3/5
   904 | D:2      | Found a faded altar of an unknown god.
   911 | D:2      | Learned a level 2 spell: Wereblood
  1029 | D:2      | Reached XP level 3. HP: 27/29 MP: 2/6
  1192 | D:2      | Learned a level 3 spell: Spider Form
  1546 | D:2      | Found a runed translucent door.
  1547 | D:2      | Noticed Crazy Yiuf
  1948 | D:2      | Killed Crazy Yiuf
  1949 | D:2      | Reached XP level 4. HP: 20/37 MP: 4/7
  2841 | D:4      | Noticed a scorpion
  2851 | D:4      | Killed a scorpion
  2852 | D:4      | Reached skill level 4 in Unarmed Combat
  2852 | D:4      | Reached XP level 5. HP: 21/45 MP: 6/8
  3151 | D:4      | Noticed a phantom
  3188 | D:4      | HP: 1/45 [poisoned by a kobold]
  3189 | D:4      | Succumbed to a kobold's poison

Illustrated notes

Levels and vault maps discovered:
D:1:      pf_arrival_petrified_forest, layout_basic
D:2:      layout_basic, hellmonk_ecumenical_altar_arch_garden,
          uniq_crazy_yiuf_cottage
D:3:      minmay_wonky_spiral, layout_loops_ring, minmay_statues_item,
          minmay_fractal_squares_gapless_5
D:4:      layout_cave_pools, serial_bayou_ford_a, nrook_mini_backslash

Skill      XL: |  1  2  3  4  5 |
---------------+----------------+-----
Dodging        | 2 3 |  3.0
Fighting       | 2 3 |  3.1
Transmutations | 3 |  3.4
Unarmed Combat | 4 |  4.1
Spellcasting   | |  2.0
Poison Magic   | |  0.5

Action                   |  1- 3 |  4- 6 || total
-------------------------+-------+-------++-------
Melee: Unarmed           |    73 |    96 ||   169
       Headbutt          |    13 |    17 ||    30
       Kick              |    16 |    21 ||    37
       Tailslap          |     7 |     8 ||    15
       Punch             |       |     2 ||     2
 Cast: Beastly Appendage |    22 |    19 ||    41
       Wereblood         |     1 |     1 ||     2
       Spider Form       |     1 |     2 ||     3
 Stab: Sleeping          |     1 |       ||     1
Armor: Skin              |    16 |    34 ||    50
Dodge: Dodged            |    37 |    53 ||    90

Table legend: (Time is in decaauts)
 A = Elapsed time spent in this place.
 B = Non-inter-level travel time spent in this place.
 C = Inter-level travel time spent in this place.
 D = Time resting spent in this place.
 E = Time spent auto-exploring this place.
 F = Levels seen in this place.
 G = Mean time per level.
                   A        B        C        D        E       F      G
               +--------+--------+--------+--------+--------+-----+--------+
         Total |   3181 |   3116 |     65 |    165 |   2393 |   4 |  795.2 |
       Dungeon |   3181 |   3116 |     65 |    165 |   2393 |   4 |  795.2 |
               +--------+--------+--------+--------+--------+-----+--------+

Top non-repeatable levels by time:
     D:2: 1199 daAuts
     D:1: 901 daAuts
     D:3: 901 daAuts
     D:4: 178 daAuts
